 Dungeon Crawl Stone Soup version 0.22-a0-815-gb582571 (webtiles) character file.

5608 Amnesiac the Thaumaturge (level 10, -1/71 HPs)
             Began as a Mummy Earth Elementalist on July 23, 2018.
             Slain by a killer bee (9 damage)
             ... on level 8 of the Dungeon.
             The game lasted 00:13:24 (7186 turns).

Amnesiac the Thaumaturge (Mummy Earth Elementalist) Turns: 7186, Time: 00:13:25

Health: -1/71      AC:  6    Str: 11    XL:     10   Next: 45%
Magic:  2/39       EV: 11    Int: 18    God:
Gold:   229        SH:  0    Dex: 13    Spells: 12/29 levels left

rFire    x . .     SeeInvis .   j - staff of power
rCold    + . .     Gourm    .   (no shield)
rNeg     + + +     Faith    .   f - +3 leather armour
rPois    ∞         Spirit   .   (no helmet)
rElec    .         Reflect  .   (no cloak)
rCorr    .         Harm     .   (no gloves)
MR       +....                  (no boots)
Stlth    ++........             (no amulet)
HPRegen  0.21/turn              c - ring of wizardry
MPRegen  0.26/turn              (no ring)

@: about to teleport
A: no food or potions, fire vulnerability, cold resistance 1, negative energy
resistance 3, torment resistance, unbreathing
a: no special abilities


You were on level 8 of the Dungeon.
You were not hungry.

You visited 2 branches of the dungeon, and saw 9 of its levels.
You also visited: Sewer.

You collected 229 gold pieces.

Inventory:

Hand Weapons
 a - a +2 dagger of draining
 b - a +1 short sword of venom
 h - a +0 blowgun
Missiles
 i - 18 stones (quivered)
 k - 39 sling bullets
 p - 17 poisoned needles
Armour
 f - a +3 leather armour (worn)
 g - a +1 shield
 v - a +0 buckler
Magical Staves
 j - an uncursed staff of power (weapon)
Jewellery
 c - a ring of wizardry (left hand)
 u - a +4 ring of intelligence {unknown}
Wands
 n - a wand of polymorph (8)
Scrolls
 d - a scroll of fog {!r}
 e - a scroll of noise {!r}
 l - 2 scrolls of magic mapping {!r}
 m - 2 scrolls of teleportation {!r}
 o - 7 scrolls of remove curse {!r}
 q - 2 scrolls of blinking {!r}
 r - 2 scrolls of identify {!r}
 s - a scroll of enchant weapon {!r}
 w - 2 scrolls of enchant armour {!r}


   Skills:
 + Level 4.0 Fighting
 - Level 1.5 Dodging
 - Level 1.5 Stealth
 - Level 4.5 Shields
 - Level 10.0 Spellcasting
 - Level 0.7 Transmutations
 - Level 10.0 Earth Magic


You had 12 spell levels left.
You knew the following spells:

 Your Spells              Type           Power        Failure   Level  Hunger
a - Stone Arrow           Conj/Erth      ####..       1%          3    N/A
b - Passwall              Tmut/Erth      ####....     1%          2    N/A
c - Sandblast             Erth           #####.       1%          1    N/A
d - Lee's Rapid Deconstr  Erth           #####.....   1%          5    N/A
e - Petrify               Tmut/Erth      ####....     4%          4    N/A
v - Blink                 Tloc           N/A          6%          2    N/A

Your spell library contained the following spells:

 Spells                   Type           Power        Failure   Level  Hunger
 Magic Dart               Conj           #...         4%          1    N/A
 Conjure Flame            Conj/Fire      #.......     12%         3    N/A
 Slow                     Hex            #.......     6%          2    N/A
 Mephitic Cloud           Conj/Pois/Air  #.......     12%         3    N/A
 Call Imp                 Summ           #.......     6%          2    N/A

Dungeon Overview and Level Annotations

Branches:
Dungeon (8/15)             Temple (1/1) D:6
   Lair: D:8-11

Altars:
Cheibriados
Dithmenos
Elyvilon
Fedhas
Gozag
Kikubaaqudgha
Makhleb
Nemelex Xobeh
Okawaru
Qazlal
Sif Muna
Trog
Uskayaw
Wu Jian
Xom
Yredelemnul
Zin
The Shining One

Annotations:
D:8 Maurice, Pikel


Innate Abilities, Weirdness & Mutations

You do not eat or drink.
Your flesh is vulnerable to fire.
You are immune to poison.
Your flesh is cold resistant. (rC+)
You are immune to negative energy. (rN+++)
You are immune to unholy pain and torment.
You can survive without breathing.


Message History

Casting: Sandblast (safe; 1% risk of failure)
Confirm with . or Enter, or press ? or * to list all spells.
Aiming: Stone Arrow (safe; 1% risk of failure)
Press: ? - help, Shift-Dir - straight line, f - killer bee
Aim: a killer bee The stone arrow misses the killer bee.
The killer bee stings you but does no damage.
The killer bee misses you.
The killer bee stings you but does no damage.
The killer bee stings you.
* * * LOW HITPOINT WARNING * * *
Casting: Stone Arrow (safe; 1% risk of failure)
Confirm with . or Enter, or press ? or * to list all spells.
Aiming: Stone Arrow (safe; 1% risk of failure)
Press: ? - help, Shift-Dir - straight line, f/p - killer bee
Aim: a killer bee
Okay, then.
Casting: Stone Arrow (safe; 1% risk of failure)
Confirm with . or Enter, or press ? or * to list all spells.
Aiming: Sandblast (safe; 1% risk of failure)
Press: ? - help, Shift-Dir - straight line, f/p - killer bee
Aim: a killer bee The blast of sand hits the killer bee.
You kill the killer bee!
i - 18 stones The killer bee closely misses you.
A queen bee comes into view.
The killer bee closely misses you. x2
Casting: Sandblast (safe; 1% risk of failure)
Confirm with . or Enter, or press ? or * to list all spells.
Aiming: Lee's Rapid Deconstruction (safe; 1% risk of failure)
Press: ? - help, Dir - move target cursor A rock wall.
The wall shatters!
The blast of rock fragments hits the queen bee.
The queen bee is heavily wounded.
Your Fighting skill increases to level 4!
You feel a bit more experienced.
You hear an angry buzzing noise. x2; You hear a shout! x2
The killer bee stings you.
* * * LOW HITPOINT WARNING * * *
The killer bee stings you.
* * * LOW HITPOINT WARNING * * *
The killer bee closely misses you.
The killer bee stings you but does no damage.
Unknown command.
Casting: Lee's Rapid Deconstruction (safe; 1% risk of failure)
Confirm with . or Enter, or press ? or * to list all spells.
You don't have enough magic to cast that spell.
Really read
m - 3 scrolls of teleportation {!r}?
As you read the scroll of teleportation {!r}, it crumbles to dust.
You feel strangely unstable. The killer bee stings you!
* * * LOW HITPOINT WARNING * * *
The killer bee stings you.
* * * LOW HITPOINT WARNING * * *
A killer bee comes into view.
The killer bee closely misses you.
The killer bee stings you but does no damage.
Really read
t - a scroll labeled QUIT YTWIW {!r}?
As you read the scroll labeled QUIT YTWIW {!r}, it crumbles to dust.
You hear a crunching sound.
It was a scroll of random uselessness {!r}.
The killer bee stings you!
You die...

#..p.K.
#....p
.....
#..# ##
p.p.
#y##
#.#.#
#y#.#
.....
##y#y#
#..
#@#.# #
##y# #
##y# #
#y# #
#.# #
## #


You could see a queen bee and 5 killer bees.

Vanquished Creatures
  2 dancing weapons (D:6)
  A two-headed ogre (D:8)
  Psyche (D:8)
  A hippogriff (D:7)
  3 yaks (D:7)
  A porcupine (D:5)
  3 ice beasts
  3 sky beasts
  A phantom (D:7)
  4 ogres
  2 orc warriors
  4 centaurs
  A big kobold (Sewer)
  A bullfrog (D:8)
  A scorpion (D:7)
  2 jellies
  3 killer bees (D:8)
  A howler monkey (D:7)
  A centaur skeleton (D:3)
  3 centaur zombies
  3 hounds
  3 orc priests
  A bullfrog skeleton (D:4)
  5 orc wizards
  3 worker ants
  An iguana (D:5)
  2 hound skeletons (D:7)
  8 adders
  A howler monkey skeleton (D:4)
  3 river rats (D:5)
  A shadow imp (D:5)
  3 oozes (Sewer)
  An adder skeleton (D:4)
  2 worms
  2 dart slugs (D:4)
  A leopard gecko (D:6)
  22 orcs
  4 ball pythons
  A bat (D:2)
  4 giant cockroaches
  A goblin (D:2)
  A hobgoblin (D:2)
  4 quokkas
  3 frilled lizards
  5 kobolds (Sewer)
  2 quokka skeletons
  6 rats
132 creatures vanquished.

Vanquished Creatures (others)
  A worm (D:3)
  A leopard gecko (D:3)
2 creatures vanquished.

Grand Total: 134 creatures vanquished

Notes
Turn   | Place    | Note
-------+----------+-------------------------------------------
     0 | D:1      | Amnesiac the Mummy Earth Elementalist began the quest for the Orb.
     0 | D:1      | Reached XP level 1. HP: 13/13 MP: 4/4
   421 | D:4      | Reached XP level 2. HP: 17/19 MP: 2/5
   457 | D:3      | Reached XP level 3. HP: 20/24 MP: 1/7
   461 | D:3      | Learned a level 2 spell: Passwall
   465 | D:3      | Learned a level 3 spell: Stone Arrow
   800 | D:4      | Reached XP level 4. HP: 18/30 MP: 7/9
   874 | D:4      | Learned a level 4 spell: Petrify
   941 | D:4      | Found a shadowy altar of Dithmenos.
  1384 | D:4      | Reached XP level 5. HP: 15/35 MP: 3/11
  1805 | D:4      | Noticed an ogre
  1809 | D:4      | Killed an ogre
  1933 | D:4      | Reached XP level 6. HP: 34/41 MP: 13/13
  2270 | D:4      | Found a snail-covered altar of Cheibriados.
  2272 | D:4      | Reached skill level 5 in Spellcasting
  2560 | D:5      | Entered Level 5 of the Dungeon
  2575 | D:5      | Noticed an ice beast
  2641 | D:5      | Reached skill level 5 in Earth Magic
  2648 | D:5      | Learned a level 5 spell: Lee's Rapid Deconstruction
  2856 | D:5      | Noticed a sky beast
  2863 | D:5      | Killed a sky beast
  2863 | D:5      | Reached XP level 7. HP: 17/46 MP: 6/15
  2919 | D:5      | Found a burning altar of Makhleb.
  2985 | D:5      | Found an opulent altar of Gozag.
  3002 | D:5      | Learned a level 2 spell: Blink
  3058 | D:5      | Found a glowing drain.
  3153 | Sewer    | Entered a sewer
  4463 | D:6      | Reached XP level 8. HP: 52/52 MP: 5/18
  4809 | D:6      | You fall through a shaft!
  5300 | D:6      | Found a staircase to the Ecumenical Temple.
  5309 | Temple   | Entered the Ecumenical Temple
  5343 | D:6      | Noticed a dagger
  5344 | D:6      | Found a hide-covered altar of Uskayaw.
  5344 | D:6      | Noticed a dagger
  5415 | D:6      | Found a sparkling altar of Nemelex Xobeh.
  5417 | D:6      | Found a basalt altar of Yredelemnul.
  5830 | D:6      | Found a burning altar of Makhleb.
  5979 | D:6      | Reached XP level 9. HP: 43/57 MP: 15/21
  6125 | D:6      | Killed a dagger
  6127 | D:6      | Killed a dagger
  6364 | D:7      | Reached skill level 1 in Shields
  6364 | D:7      | Reached skill level 10 in Spellcasting
  6366 | D:7      | Reached skill level 10 in Earth Magic
  6586 | D:7      | Reached XP level 10. HP: 56/63 MP: 10/24
  7069 | D:8      | Found a shimmering altar of Xom.
  7104 | D:8      | Noticed Psyche
  7104 | D:8      | Noticed a two-headed ogre
  7115 | D:8      | Killed Psyche
  7117 | D:8      | Killed a two-headed ogre
  7117 | D:8      | Noticed a two-headed ogre
  7174 | D:8      | Noticed Maurice
  7175 | D:8      | Noticed Pikel
  7186 | D:8      | Slain by a killer bee

Vault maps used:
D:1:      nzn_arrival_depleted_hourglass
D:2:      nicolae_overflow_crystal_walls, uniq_jessica
D:3:      fiery_altar_vehumet, first_ration
D:4:      kennysheep_slug_shrine, nicolae_dithmenos_through_a_glass_darkly
D:5:      grunt_gozag_breadcrumbs, makhleb_heckhound_becter,
          portal_sewer_entry_b
D:6:      nicolae_whirlpool, yredelemnul_altar_generic, dancing_weapons_uskayaw,
          nemelex_xobeh_ov_fountains_minmay,
          minmay_temple_entry_statues_fountains, basic_altar,
          kennysheep_cross_room
D:7:      kennysheep_generic_room_12
D:8:      minmay_the_grid_octo_tiled_squarecenter, xom_teletrap_fun,
          david_nohive_1, uniq_maurice, uniq_psyche, uniq_pikel
Temple:   eino_temple_lava
Sewer:    sewer_co_15_rooms

Skill      XL: |  1  2  3  4  5  6  7  8  9 10 |
---------------+-------------------------------+-----
Spellcasting   | 3 4 5 6 8 10 | 10.0
Earth Magic    | 3 4 5 6 8 10 | 10.0
Shields        | 2 4 |  4.5
Fighting       | 4 |  4.0
Dodging        | |  1.5
Stealth        | |  1.5
Transmutations | |  0.7

Action                   |  1- 3 |  4- 6 |  7- 9 | 10-12 || total
-------------------------+-------+-------+-------+-------++-------
Melee: Unarmed           |    22 |       |       |       ||    22
       Whip              |    41 |    10 |       |       ||    51
       Flail             |       |    10 |       |       ||    10
       Quarterstaff      |       |    34 |    61 |       ||    95
       Short sword       |       |       |    52 |       ||    52
       Dagger            |       |       |    24 |       ||    24
 Cast: Sandblast         |    13 |    51 |     8 |     3 ||    75
       Stone Arrow       |       |    10 |    52 |    26 ||    88
       Passwall          |       |     1 |     8 |       ||     9
       Lee's Rapid Decon |       |       |    33 |    10 ||    43
       Petrify           |       |       |     5 |       ||     5
Evoke: Wand              |       |       |     2 |     1 ||     3
  Use: Scroll            |       |       |     9 |     3 ||    12
Armor: Robe              |     5 |       |       |       ||     5
       Leather armour    |    17 |    37 |    74 |     8 ||   136
Dodge: Dodged            |    47 |    56 |   140 |    17 ||   260

Table legend:
 A = Spawn XP
 B = Non-spawn XP
 C = Spawn XP percentage of total XP
 D = Spawn monster count
 E = Non-spawn monster count
 F = Spawn count percentage of total count
 G = Total turns spent on level
                    A         B        C        D         E        F      G
               +---------+---------+-------+---------+---------+-------+---------
         Total |       0 |    8012 |   0.0 |       0 |     132 |   0.0 |  7186
               +---------+---------+-------+---------+---------+-------+---------
           D:1 |       0 |       1 |   0.0 |       0 |       1 |   0.0 |    74
           D:2 |       0 |      10 |   0.0 |       0 |       7 |   0.0 |   283
           D:3 |       0 |      53 |   0.0 |       0 |       5 |   0.0 |   472
           D:4 |       0 |     369 |   0.0 |       0 |      22 |   0.0 |  1731
           D:5 |       0 |     927 |   0.0 |       0 |      27 |   0.0 |  1420
           D:6 |       0 |    3021 |   0.0 |       0 |      26 |   0.0 |  1429
           D:7 |       0 |    1828 |   0.0 |       0 |      21 |   0.0 |   794
           D:8 |       0 |    1631 |   0.0 |       0 |       7 |   0.0 |   181
         Sewer |       0 |     172 |   0.0 |       0 |      16 |   0.0 |   776
               +---------+---------+-------+---------+---------+-------+---------
